 Dungeon Crawl Stone Soup version 0.21.1-1-g345015f (webtiles) character file.

7 glosham the Bolt Thrower (level 2, 0/15 HPs)
             Began as a Vine Stalker Hunter on May 31, 2018.
             Slain by an adder (4 damage)
             ... on level 2 of the Dungeon.
             The game lasted 00:01:51 (95 turns).

glosham the Bolt Thrower (Vine Stalker Hunter)        Turns: 95, Time: 00:01:52

Health: 0/15       AC:  3    Str: 14    XL:     2   Next: 0%
Magic:  0/3        EV: 12    Int: 11    God:
Gold:   11         SH:  0    Dex: 14    Spells: 1/1 levels left

rFire    . . .     SeeInvis .     - Unarmed
rCold    . . .     Gourm    .   (no shield)
rNeg     . . .     Faith    .   c - +0 leather armour
rPois    .         Spirit   +   (no helmet)
rElec    .         Reflect  .   (no cloak)
rCorr    .         Harm     .   (no gloves)
MR       .....                  (no boots)
Stlth    ++........             (no amulet)
HPRegen  0.05/turn              (no ring)
MPRegen  0.08/turn              (no ring)

@: lethally poisoned (0 -> -8)
A: fangs 2, magic shield, antimagic bite, no potion heal 3, rot immunity
a: no special abilities


You were on level 2 of the Dungeon.
You were not hungry.

You visited 1 branch of the dungeon, and saw 2 of its levels.

You collected 11 gold pieces.

Inventory:

Hand Weapons
 a - a +0 short sword
 b - a +1 hand crossbow
Missiles
 d - 27 bolts
Armour
 c - a +0 leather armour (worn)
Scrolls
 e - a scroll of random uselessness {unknown}
Comestibles
 f - a ration


   Skills:
 - Level 1.7 Fighting
 - Level 3.6 Crossbows
 - Level 1.5 Dodging
 - Level 1.2 Stealth
 * Level 1.5 Unarmed Combat


You had one spell level left.
You didn't know any spells.

Dungeon Overview and Level Annotations

Branches:
Dungeon (2/15)

Altars:


Innate Abilities, Weirdness & Mutations

You have extremely sharp teeth.
When hurt, damage is shared between your health and your magic reserves.
Your bite disrupts and absorbs the magic of your enemies.
Potions cannot restore your health.
You are immune to rotting.


Message History

You kill the rat!
You have reached level 2!
An adder comes into view.
b - a +1 hand crossbow (weapon)
Firing (i - inventory):
d - 29 bolts (quivered)
Press: ? - help, Shift-Dir - straight line, f - adder
Aim: an adder (hasn't noticed you)
You shoot a bolt. The adder hisses angrily.
The bolt hits the adder!
The adder is almost dead.
Firing (i - inventory):
d - 28 bolts (quivered)
Press: ? - help, Shift-Dir - straight line, f/p - adder
Aim: an adder (almost dead)
You shoot a bolt. The bolt barely misses the adder.
Wield which item (- for none, * to show all)? (? for menu, Esc to quit)
You are now empty-handed.
You barely miss the adder. Your bite misses the adder.
The adder is almost dead.
The adder bites you.
You are poisoned.
The adder poisons you!
You barely miss the adder. Your bite misses the adder.
The adder is almost dead.
You feel sick. The adder bites you.
You closely miss the adder. Your bite misses the adder.
The adder is almost dead.
The adder barely misses you. x2
You hit the adder but do no damage. You bite the adder, but do no damage.
The adder is almost dead.
You feel sick. The adder bites you.
You are lethally poisoned!
The adder poisons you!
You hit the adder but do no damage. Your bite misses the adder.
The adder is almost dead.
The adder misses you.
You barely miss the adder. Your bite misses the adder.
The adder is almost dead.
You feel sick. The adder bites you.
You die...

### #######.###.###
.(.(..S.......#
##@###.# #......##
###.###..#
########...........
.........#.##....##
..................
.................#
.##.##.#.#.##.#..#
.)......<........


You could see an adder.

Vanquished Creatures
  A giant cockroach (D:1)
  3 goblins (D:1)
  A frilled lizard (D:2)
  2 rats
7 creatures vanquished.

Notes
Turn   | Place    | Note
-------+----------+-------------------------------------------
     0 | D:1      | glosham the Vine Stalker Hunter began the quest for the Orb.
     0 | D:1      | Reached XP level 1. HP: 11/11 MP: 2/2
    43 | D:1      | Reached skill level 1 in Unarmed Combat
    80 | D:2      | Reached XP level 2. HP: 15/15 MP: 3/3
    95 | D:2      | Slain by an adder

Skill      XL: |  1 |
---------------+----+-----
Unarmed Combat | 1 |  1.5
Fighting       | |  1.7
Crossbows      | |  3.6
Dodging        | |  1.5
Stealth        | |  1.2

Action                   || total
-------------------------++-------
Melee: Short sword       ||    12
       Unarmed           ||     6
       Bite              ||     1
 Fire: Hand crossbow     ||     2
Dodge: Dodged            ||     9

Table legend:
 A = Turns spent in this place as a percentage of turns spent in the entire game.
 B = Non-inter-level travel turns spent in this place as a percentage of non-inter-level travel turns spent in the entire game.
 C = Inter-level travel turns spent in this place as a percentage of turns spent in this place.
 D = Turns resting spent in this place as a percentage of non-inter-level travel turns spent in this place.
 E = Turns spent auto-exploring this place as a percentage of non-inter-level travel turns spent in this place.
 F = Non-inter-level travel turns spent in this place divided by the number of levels of this place that you've seen.
                   A       B       C       D       E      F
               +-------+-------+-------+-------+-------+----------------------
         Total | 100.0 | 100.0 |   0.0 |   0.0 |   0.0 |  47.5
       Dungeon | 100.0 | 100.0 |   0.0 |   0.0 |   0.0 |  47.5
               +-------+-------+-------+-------+-------+----------------------

Table legend:
 A = Kills in this place as a percentage of kills in entire the game.
 B = Kills by you in this place as a percentage of kills by you in the entire game.
 C = Kills by friends in this place as a percentage of kills by friends in the entire game.
 D = Other kills in this place as a percentage of other kills in the entire game.
 E = Experience gained in this place as a percentage of experience gained in the entire game.
 F = Experience gained in this place divided by the number of levels of this place that you have seen.
                   A       B       C       D       E      F
               +-------+-------+-------+-------+-------+----------------------
         Total | 100.0 | 100.0 |   N/A |   N/A | 100.0 |   5.0
       Dungeon | 100.0 | 100.0 |   N/A |   N/A | 100.0 |   5.0
               +-------+-------+-------+-------+-------+----------------------

Vault maps used:
D:1:      grunt_arrival_lava_bath, minmay_bisected
D:2:      kb_forest_paths
